 Dungeon Sprint DCSS version 0.29.1-4-g47bece8355 (webtiles) character file.

Game seed: 7438053101738435240

109 sanboga the Trooper (level 4, -7/55 HPs)
             Began as an Ogre Berserker on Dec 10, 2022.
             Was a Follower of Trog.
             Mangled by Sigmund
             ... wielding a +0 scythe
              (11 damage)
             ... in the Dungeon (Sprint I: "Red Sonja").
             The game lasted 00:00:48 (193 turns).

sanboga the Trooper (Ogre Berserker)                 Turns: 193, Time: 00:00:48

Health: -7/55      AC:  3    Str: 23    XL:     4   Next: 90%
Magic:  4/4        EV: 10    Int:  8    God:    Trog [*.....]
Gold:   54         SH:  0    Dex:  8    Spells: 3/3 levels left

rFire   . . .      SeeInvis .   k - +0 giant club
rCold   . . .      Faith    .   (shield currently unavailable)
rNeg    . . .      Spirit   .   b - +0 animal skin
rPois   .          Reflect  .   (helmet restricted)
rElec   .          Harm     .   (no cloak)
rCorr   .          Rampage  .   (gloves unavailable)
Will    .....      NoTele   +   (boots unavailable)
Stlth   +.........              (no amulet)
HPRegen 0.18/turn               (no ring)
MPRegen 0.09/turn               (no ring)

@: on berserk cooldown, slowed, very slow
A: large, unfitting armour, tough skin 1
a: Renounce Religion, Berserk


You were in the Dungeon.
You worshipped Trog.
Trog was aware of your devotion.
You visited 1 branch You collected 54 gold pieces.

Inventory:

Hand Weapons
 j - a +2 spectral club
 k - a +0 giant club (weapon)
Armour
 b - a +0 animal skin (worn)
Wands
 i - a wand of light (10)
Scrolls
 h - a scroll of blinking
Potions
 c - a potion of curing
 e - a potion of haste
 f - 2 potions of magic
 g - a potion of berserk rage


   Skills:
 + Level 7.2 Fighting
 * Level 6.5 Maces & Flails
 + Level 4.9 Dodging


You had 3 spell levels left.
You didn't know any spells.
Your spell library was empty.

Dungeon Overview and Level Annotations

Branches:
Dungeon (1/1)

Altars:

Annotations:
D Sigmund


Innate Abilities, Weirdness & Mutations

You are too large for most types of armour.
You have tough skin. (AC +1)


Message History

Something tries to affect you, but you resist.
There is an open door here.
You close the door.
Something unseen breaks down the door.
You feel much better. Something hits you.
Sigmund appears from thin air!
Reactivating autopickup.
Sigmund closely misses you.
There is a broken door here.
You closely miss Sigmund.
Sigmund is moderately wounded.
Sigmund misses you. x2
You sock Sigmund!
Sigmund is almost dead.
Sigmund casts a spell at you. The puff of flame hits you.
You closely miss Sigmund.
Sigmund is almost dead.
Sigmund hits you with a +0 scythe! Sigmund closely misses you.
You closely miss Sigmund.
Sigmund is almost dead.
Sigmund mumbles some strange words.
Sigmund flickers and vanishes!
Deactivating autopickup; reactivate with Ctrl-A.
You closely miss something.
You hear some strange, mumbled words.
A magic dart appears from out of thin air!
The magic dart hits you!
* * * LOW HITPOINT WARNING * * *
Something hits you.
* * * LOW HITPOINT WARNING * * *
You miss something. Something hits you.
* * * LOW HITPOINT WARNING * * *
You hit something. Something hits you but does no damage.
You barely miss something. Something hits you but does no damage.
You hit something. Something hits you.
* * * LOW HITPOINT WARNING * * *
Something hits you.
* * * LOW HITPOINT WARNING * * *
You closely miss something. Something hits you!
You die...

#############
#<.#..)..#..+
#..[..#..{..#
#..#####@####
#..# #..#
#..# ####
#..# #⌠⌠#
####


There were no monsters in sight!

Vanquished Creatures
  An ogre (D)
  Ijyb (D)
2 creatures vanquished.

Notes
Turn   | Place    | Note
-------+----------+-------------------------------------------
     0 | D        | sanboga the Ogre Berserker began the quest for the Orb.
     0 | D        | Reached XP level 1. HP: 24/24 MP: 1/1
     2 | D        | Noticed Ijyb
     7 | D        | Killed Ijyb
     8 | D        | Reached skill level 5 in Fighting
     8 | D        | Reached XP level 2. HP: 35/35 MP: 2/2
     8 | D        | Reached XP level 3. HP: 42/42 MP: 3/3
    78 | D        | Noticed an ogre
    83 | D        | Killed an ogre
    84 | D        | Reached skill level 7 in Fighting
    84 | D        | Reached XP level 4. HP: 55/55 MP: 4/4
   158 | D        | Noticed Sigmund
   193 | D        | Mangled by Sigmund

Illustrated notes

Levels and vault maps discovered:
D:        dungeon_sprint_1 [red_sonja_temple_1, red_sonja_temple_small_1]

Skill      XL: |  1  2  3 |
---------------+----------+-----
Fighting       | 5 7 |  7.2
Maces & Flails | 4 6 |  6.5
Dodging        | 3 4 |  4.9

Action                   |  1- 3 |  4- 6 || total
-------------------------+-------+-------++-------
Melee: Mace              |     4 |       ||     4
       Club              |     4 |       ||     4
       Giant club        |       |    25 ||    25
Invok: Berserk           |     2 |     1 ||     3
  Use: Potion            |       |     1 ||     1
Armor: Animal skin       |       |     3 ||     3
Dodge: Dodged            |     1 |     5 ||     6
